 Dungeon Crawl Stone Soup version 0.31-a0-569-g7ea453304b (webtiles) character file.

Game seed: 12387429868402193961

10000 AdnanSaban the Basher (level 11, -4/69 HPs)
             Began as a Gargoyle Fighter on Aug 18, 2023.
             Was a High Priest of Okawaru.
             Slain by an ice beast (7 damage)
             ... summoned by Fannar
             ... on level 11 of the Dungeon.
             The game lasted 00:12:55 (10755 turns).

AdnanSaban the Basher (Gargoyle Fighter)           Turns: 10755, Time: 00:12:56

Health: -4/69      AC: 26    Str: 24    XL:     11   Next: 55%
Magic:  13/13      EV: 12    Int:  9    God:    Okawaru [*****.]
Gold:   607        SH:  5    Dex:  9    Spells: 10/10 levels left

rFire   . . .        I - +0 whip (venom)
rCold   . . .        c - +0 buckler
rNeg    + . .        F - +0 plate armour
rPois   ∞            M - +0 helmet
rElec   +            s - +0 cloak
rCorr   .            (no gloves)
SInv    .            q - +0 pair of boots
Will    .....        (no amulet) Stlth
                     t - +5 ring of evasion
HPRegen 0.31/turn    z - +4 ring of slaying
MPRegen 0.13/turn

%: no passive effects
@: no status effects
A: sickness immunity, AC +8, negative energy resistance 1, electricity
resistance, torment resistance 1, petrification resistance
a: Renounce Religion, Heroism, Finesse, Duel


You were on level 11 of the Dungeon.
You worshipped Okawaru.
Okawaru was extremely pleased with you.
You visited 2 branches of the dungeon, and saw 12 of its levels.
You also visited: Ossuary.

You collected 607 gold pieces.

Inventory:

Hand Weapons
 a - a +0 morningstar
 I - a +0 whip of venom (weapon)
Missiles
 J - 6 boomerangs
 N - 5 curare-tipped darts
Armour
 c - a +0 buckler (worn)
 q - a +0 pair of boots (worn)
 s - a +0 cloak (worn)
 F - a +0 plate armour (worn)
 M - a +0 helmet (worn)
Jewellery
 t - a +5 ring of evasion (left hand)
 z - a +4 ring of slaying (right hand)
 G - a +6 ring of intelligence
Scrolls
 e - 2 scrolls of fog {unknown}
 f - a scroll of enchant armour {unknown}
 j - a scroll of poison {unknown}
 k - a scroll of summoning {unknown}
 l - 10 scrolls of teleportation {unknown}
 m - a scroll of silence {unknown}
 n - 7 scrolls of identify {unknown}
 p - 3 scrolls of enchant weapon {unknown}
 r - a scroll of fear {unknown}
 u - 3 scrolls of noise {unknown}
 v - 3 scrolls of blinking {unknown}
 w - 2 scrolls of vulnerability {unknown}
 y - a scroll of immolation {unknown}
 B - 2 scrolls of revelation {unknown}
 K - a scroll of acquirement {unknown}
Potions
 d - 6 potions of might
 g - 6 potions of curing {unknown}
 h - 4 potions of lignification {unknown}
 i - 7 potions of heal wounds {unknown}
 o - 2 potions of resistance {unknown}
 x - 5 potions of attraction {unknown}
 A - 2 potions of mutation {unknown}
 C - 2 potions of brilliance {unknown}
 D - 2 potions of berserk rage {unknown}
 E - 2 potions of degeneration {unknown}
 H - a potion of cancellation {unknown}
 L - a potion of haste {unknown}
 O - a potion of ambrosia
 P - a potion of invisibility {unknown}


   Skills:
 + Level 8.6 Fighting
 + Level 11.6 Maces & Flails
 + Level 2.2 Throwing
 + Level 9.9 Armour
 + Level 2.6 Dodging
 + Level 3.1 Stealth
 + Level 6.8 Shields
 * Level 2.7 Invocations


You had 10 spell levels left.
You didn't know any spells.
Your spell library contained the following spells:

 Spells                   Type           Power      Damage    Failure   Level
 Ignite Poison            Fire/Tmut/Pois 0%         N/A       100%        3
 Portal Projectile        Hex/Tloc       0%         N/A       100%        3
 Vhi's Electric Charge    Tloc/Air       0%         N/A       100%        3
 Leda's Liquefaction      Hex/Erth       0%         N/A       100%        4
 Arcjolt                  Conj/Air       0%         1d10      100%        5
 Fireball                 Conj/Fire      0%         3d3       100%        5
 Freezing Cloud           Conj/Ice/Air   0%         6-21      100%        5
 Iskenderun's Battlesphe  Conj           0%         2d6       100%        5
 Conjure Ball Lightning   Conj/Air       0%         3x3d6     100%        6
 Plasma Beam              Fire/Air       0%         2x1d10    100%        6
 Orb of Destruction       Conj           0%         9d5       100%        7
 Cigotuvi's Dreadful Rot  Necr/Pois/Air  Unusable   N/A       N/A         2
 Call Canine Familiar     Summ           Unusable   N/A       N/A         3

Dungeon Overview and Level Annotations

Branches:
Dungeon (11/15)            Temple (1/1) D:4            Lair (0/5) D:10
    Orc (0/2) D:10        Ossuary (visited)

Altars:
Ashenzari
Cheibriados
Dithmenos
Elyvilon
Fedhas
Gozag
Hepliaklqana
Kikubaaqudgha
Makhleb
Nemelex Xobeh
Okawaru
Qazlal
Ru
Sif Muna
Trog
Uskayaw
Vehumet
Wu Jian
Xom
Yredelemnul
Zin
The Shining One

Shops:
D:7 [

Annotations:
D:5 2 transporters, blacky4's ghost, amateur GnCj
D:7 1 runed translucent door, Crazy Yiuf; Jeremiah
D:11 Fannar
Temple 4 transporters


Innate Abilities, Weirdness & Mutations

You are immune to sickness and miasma.
Your stone body is resilient. (AC +8)
You are immune to poison.
You resist negative energy. (rN+)
You are resistant to electric shocks. (rElec)
You are resistant to unholy torment.
You are immune to petrification.


Message History

Fannar freezes you.
The ice beast hits you but does no damage.
You hit Fannar.
Fannar is heavily wounded.
You hit Fannar but do no damage.
Fannar is heavily wounded.
Fannar gestures wildly while chanting.
The ice beast barely misses you.
You hit Fannar.
Fannar looks as sick as possible!
Fannar is heavily wounded.
You whack Fannar!
Fannar is severely wounded.
You block Fannar's attack. The ice beast hits you. The ice beast freezes you.
The ice beast misses you.
You miss Fannar.
Fannar is severely wounded.
You barely miss Fannar.
Fannar is severely wounded.
Fannar hits you with a +0 quarterstaff of freezing.
Fannar freezes you. You block the ice beast's attack.
You miss Fannar.
Fannar is severely wounded.
Fannar hits you but does no damage. Fannar gestures at you while chanting.
The bolt of cold hits the ice beast.
The ice beast completely resists.
The bolt of cold hits you!!
You hit the ice beast.
The ice beast is lightly wounded.
The ice beast hits you but does no damage.
The ice beast hits you. The ice beast freezes you.
Fannar gestures wildly while chanting.
Fannar drains the heat from the surrounding environment!
* * * LOW HITPOINT WARNING * * *
Fannar casts a spell.
Fannar blinks!
There is a stone staircase leading up here.
The ice beast closely misses you. The ice beast hits you.
* * * LOW HITPOINT WARNING * * *
The ice beast freezes you!
You die...

#............# #..#
#............## #..#
..............## #..#
...........§....## ##..#
#.................######.).#
##..........................#
#..............e...........##
#..........YYY.............#
##..........)@..............#
#............)..............##
##................#..........##
#...).............#............
##....................###....###
#...................### ##...#
##...................# #..####
#...#................# ##..###.
#..###...............# #..###..


You could see Fannar (very poisoned) and 3 ice beasts.

Vanquished Creatures
  Erolcha (D:11)
  2 two-headed ogres
  A catoblepas (D:10)
  Erica (D:8)
  Sonja (D:11)
  A cyclops (D:11)
  A gargoyle (D:11)
  Psyche (D:8)
  A troll (D:11)
  A shadow (D:11)
  4 yaks (D:10)
  A wyvern (D:7)
  Grum (D:8)
  4 vampire mosquitoes (D:10)
  2 acid dragons
  3 orc warriors
  2 ice beasts
  A sky beast (D:7)
  4 black bears
  3 wolves
  2 ogres (D:5)
  2 centaurs
  A phantom (D:7)
  3 kobold brigands
  2 scorpions (D:5)
  5 wights
  5 water moccasin zombies (Ossuary)
  3 killer bees (D:9)
  A crimson imp (D:6)
  6 hounds
  6 orc priests
  2 jellies
  6 iguanas
  10 orc wizards
  3 mummies
  4 gnolls
  5 adders
  2 white imps (D:6)
  4 adder zombies (Ossuary)
  2 dart slugs
  29 orcs
  A bat zombie (D:7)
  6 endoplasms
  4 giant cockroaches
  4 gnoll zombies (Ossuary)
  14 hobgoblins
  19 kobolds
  5 quokkas
  7 ball pythons
  4 bats (D:1)
  4 frilled lizards
  7 goblins
  3 hobgoblin zombies (Ossuary)
  2 kobold zombies (Ossuary)
  8 orc zombies (Ossuary)
  10 rats
  2 rat zombies (D:7)
239 creatures vanquished.

Notes
Turn   | Place    | Note
-------+----------+-------------------------------------------
     0 | D:1      | AdnanSaban the Gargoyle Fighter began the quest for the
                  | Orb.
     0 | D:1      | Reached XP level 1. HP: 14/14 MP: 1/1
   207 | D:1      | Reached XP level 2. HP: 12/19 MP: 2/2
   459 | D:1      | Reached XP level 3. HP: 23/23 MP: 3/3
  1123 | D:2      | Reached XP level 4. HP: 28/29 MP: 4/4
  1495 | D:3      | Reached skill level 3 in Maces & Flails
  1680 | D:3      | Reached XP level 5. HP: 33/33 MP: 5/5
  1842 | D:3      | Reached skill level 1 in Dodging
  2121 | D:4      | Found a sand-covered staircase.
  2137 | Ossuary  | Entered an ossuary
  2161 | Ossuary  | Reached skill level 4 in Maces & Flails
  2161 | Ossuary  | Reached XP level 6. HP: 38/38 MP: 6/6
  2243 | Ossuary  | Reached skill level 5 in Maces & Flails
  2296 | Ossuary  | Reached XP level 7. HP: 34/44 MP: 7/7
  2435 | D:4      | Found a staircase to the Ecumenical Temple.
  2516 | Temple   | Found a transporter.
  2516 | Temple   | Found a transporter.
  2516 | Temple   | Found a transporter.
  2516 | Temple   | Found a transporter.
  2516 | Temple   | Entered the Ecumenical Temple
  2777 | D:4      | Found a blossoming altar of Fedhas.
  3092 | D:5      | Entered Level 5 of the Dungeon
  3190 | D:5      | Found an iron altar of Okawaru.
  3268 | D:5      | Reached skill level 5 in Fighting
  3370 | D:4      | Reached skill level 6 in Maces & Flails
  3370 | D:4      | Reached skill level 5 in Armour
  3414 | D:5      | Reached XP level 8. HP: 49/49 MP: 8/8
  3431 | D:5      | Became a worshipper of Warmaster Okawaru
  3499 | D:5      | Noticed blacky4's ghost (amateur GnCj)
  3577 | D:5      | Found a shadowy altar of Dithmenos.
  3662 | D:5      | Reached skill level 7 in Maces & Flails
  3777 | D:5      | Found a transporter.
  3778 | D:5      | Found a transporter.
  3854 | D:5      | Reached * piety under Okawaru
  4114 | D:6      | Found a hide-covered altar of Uskayaw.
  4116 | D:6      | Found a broken altar of Ashenzari.
  4231 | D:6      | Reached skill level 8 in Maces & Flails
  4272 | D:6      | Reached XP level 9. HP: 55/55 MP: 9/9
  4500 | D:6      | Found a sparkling altar of Nemelex Xobeh.
  4641 | D:6      | Found a burning altar of Makhleb.
  4641 | D:6      | Found a shimmering altar of Xom.
  4923 | D:7      | Found an ancient bone altar of Kikubaaqudgha.
  4974 | D:7      | Found Cheibriados's Comfort Zone.
  4974 | D:7      | Found a snail-covered altar of Cheibriados.
  5238 | D:7      | Found a runed translucent door.
  5239 | D:7      | Noticed Crazy Yiuf
  5307 | D:7      | Reached ** piety under Okawaru
  5308 | D:7      | Reached skill level 5 in Shields
  5394 | D:7      | Noticed Jeremiah
  5626 | D:8      | Reached skill level 9 in Maces & Flails
  5628 | D:8      | Noticed Grum
  6127 | D:8      | Noticed Erica
  6300 | D:8      | Killed Grum
  6482 | D:8      | Killed Erica
  6482 | D:8      | Reached *** piety under Okawaru
  6483 | D:8      | Reached skill level 10 in Maces & Flails
  6483 | D:8      | Reached XP level 10. HP: 63/63 MP: 10/10
  6543 | D:8      | Noticed Psyche
  6551 | D:8      | Killed Psyche
  6552 | D:8      | Reached skill level 1 in Stealth
  7251 | D:9      | Reached skill level 1 in Throwing
  7258 | D:9      | Reached **** piety under Okawaru
  7668 | D:9      | Noticed a two-headed ogre
  7683 | D:9      | Killed a two-headed ogre
  7952 | D:10     | Entered Level 10 of the Dungeon
  7956 | D:10     | Found a staircase to the Orcish Mines.
  7964 | D:10     | Noticed a catoblepas
  8115 | D:10     | Killed a catoblepas
  8208 | D:10     | Found a shimmering blue altar of Sif Muna.
  8213 | D:10     | Identified the +4 rapier of Geskaogh {heavy, Drain Int+7
                  | SInv}
  8233 | D:10     | Found a basalt altar of Yredelemnul.
  8278 | D:10     | Found a staircase to the Lair.
  8849 | D:10     | Reached ***** piety under Okawaru
  8866 | D:10     | Reached XP level 11. HP: 33/68 MP: 11/11
  8878 | D:10     | Reached skill level 11 in Maces & Flails
  9100 | D:10     | Found a bloodstained altar of Trog.
  9100 | D:10     | Found an ornate altar of the Wu Jian Council.
  9348 | D:11     | Noticed a two-headed ogre
  9363 | D:11     | Killed a two-headed ogre
  9364 | D:11     | Reached skill level 1 in Invocations
  9541 | D:11     | Noticed a cyclops
  9560 | D:11     | Killed a cyclops
  9812 | D:11     | Noticed Sonja
  9833 | D:11     | Killed Sonja
 10088 | D:11     | Noticed Erolcha
 10112 | D:11     | Killed Erolcha
 10112 | D:11     | Received a gift from Okawaru
 10396 | D:11     | Noticed Fannar
 10755 | D:11     | HP: 3/69 [ice beast[Fannar] (3)]
 10755 | D:11     | Slain by an ice beast

Illustrated notes

Levels and vault maps discovered:
D:1:      wander_arrival_abandoned_jail, layout_loops_corners,
          minmay_fountain_box
D:2:      layout_rooms
D:3:      layout_loops_ring
D:4:      layout_loops_ring, fedhas_altar_3, temple_fountains,
          gup_ossuary_entry_pyramid
D:5:      layout_loops_ring, mainiacjoe_overflow_brackets, okawaru_trees_2,
          gammafunk_ghost_hive, serial_glass, glass_columns_a, glass_columns_a
D:6:      layout_loops_ring, nemelex_spade_bored_becter,
          grunt_temple_overflow_champion_of_chaos, grunt_temple_overflow_open,
          kennysheep_big_empty_room, minmay_misc_feat_square
D:7:      layout_loops_ring, lemuel_zombie_altar_kikubaaqudgha,
          minmay_shop_chei, uniq_jeremiah, uniq_crazy_yiuf_cottage
D:8:      layout_basic, uniq_psyche, uniq_erica, uniq_grum
D:9:      layout_basic
D:10:     layout_roguey, mainiacjoe_overflow_24_doors,
          mainiacjoe_overflow_concentric_impassable,
          gammafunk_temple_overflow_elements, lair_entry_dummy
D:11:     layout_cave_pods, uniq_erolcha, uniq_fannar, uniq_sonja
Temple:   hellmonk_temple_divided_pantheon

Skill      XL: |  1  2  3  4  5  6  7  8  9 10 11 |
---------------+----------------------------------+-----
Maces & Flails | 3 4 5 6 8 10 11 | 11.6
Armour         | 4 5 6 7 9 |  9.9
Fighting       | 4 5 7 8 |  8.6
Dodging        | 1 2 |  2.6
Shields        | 4 5 6 |  6.8
Stealth        | 2 3 |  3.1
Throwing       | 1 2 |  2.2
Invocations    | 2 |  2.7

Action                     |  1- 3 |  4- 6 |  7- 9 | 10-12 || total
---------------------------+-------+-------+-------+-------++-------
  Melee: Flail             |   145 |   173 |   165 |       ||   483
         Whip              |       |       |   198 |   387 ||   585
         Morningstar       |       |       |       |     8 ||     8
  Throw: Boomerang         |       |       |     3 |       ||     3
         Dart              |       |       |     2 |    36 ||    38
 Invoke: Heroism           |       |       |       |     2 ||     2
   Stab: Petrified         |       |       |       |     3 ||     3
         Petrifying        |       |       |       |     2 ||     2
 Armour: Scale mail        |    92 |    67 |     5 |       ||   164
         Plate armour      |       |       |   171 |   177 ||   348
  Dodge: Dodged            |    86 |   119 |   184 |   153 ||   542
  Block: Buckler           |    42 |    31 |    65 |    66 ||   204

Table legend: (Time is in decaauts)
 A = Elapsed time spent in this place.
 B = Non-inter-level travel time spent in this place.
 C = Inter-level travel time spent in this place.
 D = Time resting spent in this place.
 E = Time spent auto-exploring this place.
 F = Levels seen in this place.
 G = Mean time per level.
                   A        B        C        D        E       F      G
               +--------+--------+--------+--------+--------+-----+--------+
         Total |  10699 |  10151 |    548 |   1178 |   6874 |  13 |  823.0 |
       Dungeon |  10387 |   9839 |    548 |   1178 |   6714 |  11 |  944.3 |
        Temple |      7 |      7 |      0 |      0 |      0 |   1 |    7.0 |
       Ossuary |    304 |    304 |      0 |      0 |    160 |   1 |  304.0 |
               +--------+--------+--------+--------+--------+-----+--------+

Top non-repeatable levels by time:
    D:10: 1459 daAuts
     D:7: 1323 daAuts
    D:11: 1124 daAuts
     D:9: 1098 daAuts
     D:1: 1053 daAuts
     D:6: 941 daAuts
     D:5: 901 daAuts
     D:4: 809 daAuts
     D:8: 612 daAuts
     D:3: 601 daAuts
     D:2: 462 daAuts
 Ossuary: 304 daAuts
  Temple: 7 daAuts
